 Dungeon Crawl Stone Soup version 0.18-a0-1105-ge9caa06 (webtiles) character file.

777271 vivi the Formicid Barricade (level 27, -15/229 HPs)
             Began as a Formicid Fighter on Jan 15, 2016.
             Was the Champion of the Shining One.
             Killed from afar by a Brimstone Fiend (47 damage)
             ... with a blast of hellfire
             ... on level 7 of the Iron City of Dis on Jan 16, 2016.
             The game lasted 07:26:15 (74895 turns).

vivi the Formicid Barricade (Formicid Fighter)     Turns: 74895, Time: 07:26:16

Health: -15/229    AC: 48    Str: 29    XL:     27
Magic:  47/47      EV: 14    Int:  4    God:    the Shining One [******]
Gold:   5753       SH: 37    Dex: 11    Spells: 0 memorised, 26 levels left

rFire  + + +     SeeInvis +     h - +9 executioner's axe (holy)
rCold  + + +     Gourm    .     C - +9 armour of the Dragon King {rPois rF+ rC+ MR+}
rNeg   + + +     Faith    .     L - +6 large shield of Ignorance {rN+ AC+2 EV+2 Int-6 *Curse}
rPois  +         Spirit   .     (helmet unavailable)
rElec  .         Dismiss  .     I - +2 cloak {rPois}
rCorr  .         Reflect  +     X - +1 pair of gloves of the Thirteen Spirits {-Cast +Fly rF+ MP+9}
SustAt .         Harm     .     l - +0 pair of boots {Fly}
MR     +++++     NoCast   +     r - amulet "Wirasak" {Reflect SH+4 Stlth+}
Stlth  ..........               T - ring of Emoonid {rC+ MR++ EV+4}
                                w - ring "Penat" {rPois rF+ Str+3 Dex+2}

@: flying, glowing, studying Short Blades, almost entirely resistant to hostile
enchantments, extremely unstealthy
A: permanent stasis, dig shafts and tunnels, four strong arms, antennae 3, beak,
talons 1, rough black scales 1, camouflage 1, blurry vision 2, cold resistance
1, dopey 1, fire resistance 1, magic resistance 1, mutation resistance 1, shaggy
fur 1, weak 2, no device heal 1, MP-powered wands, sturdy frame 1
a: Dig, Shaft Self, Divine Shield, Cleansing Flame, Summon Divine Warrior,
Renounce Religion, Stop Flying
}: 6/15 runes: barnacled, slimy, silver, obsidian, icy, gossamer


You were on level 7 of the Iron City of Dis.
You worshipped the Shining One.
The Shining One was exalted by your worship.
You were not hungry.

You visited 15 branches of the dungeon, and saw 75 of its levels.
You visited 2 bazaars.
You also visited: Labyrinth, Bailey, Ice Cave, Volcano and Wizlab.

You collected 12137 gold pieces.
You spent 6384 gold pieces at shops.

Inventory:

Hand Weapons
 h - a +9 executioner's axe of holy wrath (weapon)
Missiles
 n - 80 tomahawks of returning (quivered)
Armour
 l - a +0 pair of boots of flying (worn)
 C - the +9 armour of the Dragon King (worn) {rPois rF+ rC+ MR+}
   (You found it on level 6 of the Pits of Slime)

   It protects you from fire.
   It protects you from cold.
   It protects you from poison.
   It affects your resistance to hostile enchantments.
 I - a +2 cloak of poison resistance (worn)
 L - the +6 large shield of Ignorance (worn) {rN+ AC+2 EV+2 Int-6 *Curse}
   (You acquired it on level 3 of the Crypt)

   It affects your AC (+2).
   It affects your evasion (+2).
   It affects your intelligence (-6).
   It protects you from negative energy.
   It may re-curse itself when equipped.
 X - the +1 pair of gloves of the Thirteen Spirits (worn) {-Cast +Fly rF+ MP+9}
   (You found it on level 2 of the Spider Nest)

   It protects you from fire.
   It affects your magic capacity (+9).
   It lets you fly.
   It prevents spellcasting.
Jewellery
 a - an uncursed ring of resist corrosion
 m - an uncursed ring of magical power
 r - the amulet "Wirasak" (around neck) {Reflect SH+4 Stlth+}
   (You found it in a labyrinth)

   [amulet of reflection]

   It shields you and reflects attacks.
   It affects your SH (+4).
   It makes you more stealthy.
 w - the ring "Penat" (left hand) {rPois rF+ Str+3 Dex+2}
   (You found it on level 3 of the Elven Halls)

   [ring of poison resistance]

   It affects your strength (+3).
   It affects your dexterity (+2).
   It protects you from fire.
   It protects you from poison.
 x - a +5 amulet of reflection {unknown}
 M - an uncursed ring of positive energy {unknown}
 T - the ring of Emoonid (right hand) {rC+ MR++ EV+4}
   (You found it on level 3 of the Elven Halls)

   [ring of evasion]

   It affects your evasion (+4).
   It protects you from cold.
   It affects your resistance to hostile enchantments.
Wands
 j - a wand of heal wounds (7/9)
Scrolls
 d - a scroll of brand weapon
 e - 23 scrolls of remove curse
 p - 2 scrolls of summoning
 u - 15 scrolls of identify
 v - 2 scrolls of magic mapping
 G - 6 scrolls of recharging
 J - a scroll of fog
Potions
 i - 8 potions of lignification
 A - a potion of mutation
 B - 26 potions of curing
 D - 3 potions of resistance
 K - 4 potions of might
Books
 g - a book of the Sky

   Spells                             Type                      Level
   a - Summon Lightning Spire         Summoning/Air                4
   b - Airstrike                      Air                          4
   c - Silence                        Hexes/Air                    5
   d - Deflect Missiles               Charms/Air                   6
   e - Conjure Ball Lightning         Conjuration/Air              6
   f - Tornado                        Air                          9
 k - the Guide on the Lucky Snowflakes
   (You found it on level 7 of Gehenna)

   Spells                             Type                      Level
   a - Song of Slaying                Charms                       2
   b - Throw Icicle                   Conjuration/Ice              4
   c - Ice Form                       Ice/Transmutation            4
   d - Condensation Shield            Ice                          4
   e - Haste                          Charms                       6
 s - a manual of Short Blades
 t - the Papyrus of the Mountains
   (You found it on level 7 of Gehenna)

   Spells                             Type                      Level
   a - Sandblast                      Earth                        1
   b - Stoneskin                      Transmutation/Earth          2
   c - Statue Form                    Transmutation/Earth          6
 F - a book of Power

   Spells                             Type                      Level
   a - Fulminant Prism                Conjuration/Hexes            4
   b - Iskenderun's Mystic Blast      Conjuration                  4
   c - Venom Bolt                     Conjuration/Poison           5
   d - Bolt of Magma                  Conjuration/Fire/Earth       5
   e - Iron Shot                      Conjuration/Earth            6
   f - Orb of Destruction             Conjuration                  7
   g - Spellforged Servitor           Conjuration/Summoning        7
Miscellaneous
 c - a disc of storms
 o - a disc of storms
 q - a box of beasts
 y - a lamp of fire
 z - a stone of tremors
 E - a lamp of fire
 H - a stone of tremors
 O - a fan of gales
 P - 2 phantom mirrors
 Q - a phial of floods
 U - a sack of spiders
 W - a stone of tremors
 Z - a stone of tremors
Comestibles
 b - 18 meat rations
 f - 19 bread rations


   Skills:
 + Level 21.4 Fighting
 + Level 25.8 Axes
 * Level 20.6 Armour
 O Level 27 Shields
 * Level 23.7 Invocations
 * Level 21.3 Evocations


You had 26 spell levels left.
You didn't know any spells.

Dungeon Overview and Level Annotations

Branches:
Dungeon (15/15)            Temple (1/1) D:6            Lair (8/8) D:9
 Shoals (4/4) Lair:5       Spider (4/4) Lair:4        Slime (6/6) Lair:7
    Orc (2/2) D:11            Elf (3/3) Orc:2        Vaults (5/5) D:14
  Crypt (3/3) Vaults:2       Tomb (0/3) Crypt:3      Depths (5/5) D:15
   Hell (1/1)                 Dis (7/7) Hell            Geh (7/7) Hell
    Coc (7/7) Hell            Tar (0/7) Hell            Zot (0/5) Depths:5

Altars:
Ashenzari
Cheibriados
Dithmenos
Elyvilon
Fedhas
Gozag
Kikubaaqudgha
Makhleb
Nemelex Xobeh
Okawaru
Pakellas
Qazlal
Ru
Sif Muna
Trog
Vehumet
Xom
Yredelemnul
Zin
The Shining One
Beogh

Shops:
D:3 *   D:12 }   Orc:1 }   Orc:2 (*[==   Elf:1 !   Elf:2 :   Shoals:2 *
Vaults:3 ?[   Depths:1 [   Depths:2 (   Depths:3 [

Portals:
Hell: Depths:1 Depths:2 Depths:3 Depths:4 Depths:5
Abyss: Depths:1 Depths:2 Depths:4
Pandemonium: Depths:3
Ziggurat: Depths:1

Annotations:
D:10 exclusion: 2 oklob saplings


Innate Abilities, Weirdness & Mutations

You are under a permanent stasis effect.
You can dig through walls and to a lower floor.
Your four strong arms can wield two-handed weapons with a shield.
You have a pair of large antennae on your head (SInv).
You have a beak for a mouth.
You have sharp toenails.
You are partially covered in rough black scales (AC +4, Dex -1).
Your skin changes colour to match your surroundings (Stealth).
Scrolls take you longer to read.
Your flesh is cold resistant.
You are dopey. (Int -2)
Your flesh is heat resistant.
You are resistant to hostile enchantments.
You are somewhat resistant to further mutation.
You are covered in fur (AC +1).
You are very weak. (Str -4)
Potions and wands are less effective at restoring your health.
You expend magic power (3 MP) to strengthen your wands.
Your movements are slightly less encumbered by armour (ER -2).


Message History

* * * LOW HITPOINT WARNING * * *
You block the Brimstone Fiend's attack. x2
The Brimstone Fiend hits you but does no damage.
You hit the Hell Sentinel.
The Hell Sentinel convulses.
You peck the Hell Sentinel, but do no damage.
The Hell Sentinel is moderately wounded.
You slice the Brimstone Fiend!!
The Brimstone Fiend convulses.
The Brimstone Fiend is heavily wounded.
You block the Hell Sentinel's attack. x2
Unknown command.
You completely miss the Brimstone Fiend.
The Brimstone Fiend is heavily wounded.
You are struck by the Hell Sentinel's spines.
* * * LOW HITPOINT WARNING * * *
You open the Hell Sentinel like a pillowcase!!!
The Hell Sentinel convulses!
The Hell Sentinel is heavily wounded.
The Brimstone Fiend gestures at you.
The hellfire explodes!
The blast of hellfire engulfs you!
You die...

########################*
8#.....8.....8..@1.....8*
.#...............1......*
.#...############''###..*
.#...#***********''#**,,*
.#...#*,,*,*,,,*,1..#*,,*
.#...#*,,,,,,*,,,1..'',,*
.#.#.#**,*,,,*,,,...''.,*
.#...#*,,,,,***,,...##.,*
.#.#.#**,,,,,*,,,,,***,,*


You could see 2 Hell Sentinels, a Brimstone Fiend and an Ice Fiend.

Vanquished Creatures
  Antaeus (Coc:7)
  Asmodeus (Geh:7)
  the Serpent of Hell (Geh:7)
  2 ancient liches
  3 juggernauts
  Sojobo (Vaults:4)
  11 shard shrikes (Coc:7)
  Boris (twice) (Depths:5 Vaults:5)
  An iron giant (Depths:3)
  Saint Roka (Depths:3)
  The ghost of FIQ the Impregnable, a veteran GrFi of Gozag (Vaults:5)
  2 caustic shrikes (Depths:3)
  Geryon (Hell)
  A curse toe (Crypt:3)
  3 golden dragons
  2 bone dragons
  Jory (Vaults:4)
  11 Brimstone Fiends
  Xtahua (Crypt:1)
  Arachne (Spider:2)
  8 tentacled monstrosities
  9 Ice Fiends
  Rupert (Lair:7)
  5 liches
  3 Hell Sentinels (Dis:7)
  3 deep elf blademasters
  4 titans
  A deep elf master archer (Elf:3)
  3 quicksilver dragons
  A Shadow Fiend (Dis:7)
  2 krakens
  7 sphinxes
  25 acid blobs
  An Executioner (Dis:7)
  19 ancient champions
  9 shadow dragons
  Kirke (D:12)
  6 storm dragons
  12 tengu reavers
  11 fire giants
  A revenant (Crypt:1)
  8 azure jellies
  6 iron dragons
  4 deep elf sorcerers
  Ilsuiw (Shoals:4)
  13 frost giants
  A draconian knight (Depths:5)
  6 ghost moths
  3 deep elf elementalists (Elf:3)
  3 curse skulls
  10 vault wardens
  3 orc warlords (Orc:2)
  4 balrugs
  4 emperor scorpions
  17 ironheart preservers
  16 war gargoyles
  A spriggan defender (Depths:5)
  4 ghouls
  An angel (Depths:4)
  16 reapers
  19 stone giants
  2 elemental wellsprings (Coc:7)
  10 vampire knights
  A green draconian (Depths:5)
  10 very ugly things
  8 salamander stormcallers
  12 purple draconians
  10 deep elf demonologists
  9 deep elf annihilators
  A mottled draconian (Depths:5)
  6 spark wasps
  A red draconian (Depths:5)
  7 eidola
  11 blizzard demons
  14 ettins
  8 death oozes
  11 jiangshi
  A minotaur (Lab)
  5 merfolk javelineers
  29 vault guards
  7 merfolk impalers
  9 statues (WizLab)
  19 yaktaur captains
  10 deep elf death magi
  6 fire dragons
  Harold (D:11)
  A quicksilver dragon skeleton (Coc:7)
  A quicksilver dragon zombie (Coc:7)
  9 great orbs of eyes
  5 deep elf high priests
  8 entropy weavers
  Erolcha (D:10)
  20 ice dragons
  4 spriggan air magi
  5 rakshasas
  2 hell beasts (Hell)
  7 hydras
  A ghost crab (shapeshifter) (Depths:3)
  16 ogre magi
  An alligator snapping turtle (Shoals:4)
  8 centaur warriors
  4 catoblepae
  7 merfolk avatars
  3 merfolk aquamancers (Shoals:4)
  35 dancing weapons
  6 death knights
  30 death yaks
  11 vampire magi
  3 tengu warriors
  9 deep troll shamans
  11 deep troll earth magi
  2 titan zombies
  29 deep elf knights
  A small abomination (Elf:3)
  Urug (D:10)
  4 spriggan berserkers
  12 sun demons
  5 orc high priests (Orc:2)
  Nergalle (D:10)
  13 hell knights
  4 soul eaters
  An iron giant skeleton (Depths:1)
  2 storm dragon zombies
  3 iron golems
  7 iron trolls
  2 hell hogs (Hell)
  A titan skeleton (Geh:7)
  3 shadow wraiths
  2 fire crabs
  3 anaconda zombies
  4 salamander mystics
  A shadow demon (Dis:7)
  74 skeletal warriors
  8 sea snakes
  4 golden dragon zombies
  2 large abominations (Elf:1)
  11 flayed ghosts
  2 storm dragon skeletons
  6 giant orange brains
  A spark wasp zombie (Crypt:1)
  6 unseen horrors
  5 shadow dragon zombies
  3 wizards
  43 deep trolls
  A giant orange brain (shapeshifter) (Vaults:5)
  An orange crystal statue (Vaults:3)
  11 ironbrand convokers
  2 wolf spider zombies
  A harpy (shapeshifter) (Depths:4)
  8 deep elf archers
  3 golden dragon skeletons
  10 hill giants
  21 phantasmal warriors
  An orb spider (shapeshifter) (Vaults:2)
  71 deep elf magi
  11 orb spiders
  12 orc knights
  5 shining eyes
  19 harpies
  5 shadow dragon skeletons
  12 necromancers
  7 orc sorcerers
  5 anaconda skeletons
  4 stone giant zombies
  2 oklob plants (Lair:7)
  16 fauns
  23 ugly things
  4 iron dragon zombies
  2 frost giant zombies
  A hornet (shapeshifter) (Depths:2)
  A wolf spider (shapeshifter) (Vaults:5)
  14 manticores
  14 hornets
  A sphinx skeleton (Vaults:2)
  A tengu skeleton (Vaults:5)
  14 griffons
  3 fire giant zombies
  A cyclops (shapeshifter) (Vaults:5)
  A shining eye (shapeshifter) (Vaults:3)
  10 salamanders
  2 frost giant skeletons
  4 moths of wrath
  3 water nymphs (Shoals:4)
  32 wolf spiders
  A manticore (shapeshifter) (Depths:2)
  10 cyclopes
  4 iron dragon skeletons
  9 sirens
  A sixfirhy (Depths:3)
  9 elephants
  3 stone giant skeletons
  Maurice (D:12)
  2 dire elephant zombies
  9 centaur zombies
  5 black mambas
  2 torpor snails
  27 rust devils
  17 vault sentinels
  3 eyes of devastation
  An orange demon (Depths:3)
  13 hellions
  2 fire giant skeletons
  5 ice statues
  7 molten gargoyles
  6 gargoyles
  3 elf skeletons
  4 dire elephant skeletons
  5 smoke demons
  11 spiny frogs
  2 emperor scorpion zombies
  A komodo dragon (shapeshifter) (Vaults:5)
  23 yaktaurs
  7 anaconda simulacra
  6 kobold demonologists
  9 komodo dragons
  A ghost moth simulacrum (Coc:7)
  The ghost of Vodkovich the Conjurer, a novice OpCj (D:5)
  2 human zombies (Vaults:4)
  A redback zombie (D:15)
  18 demonic crawlers
  18 tormentors
  5 guardian mummies (Crypt:3)
  A white draconian skeleton (Crypt:1)
  2 golden dragon simulacra
  2 fire drakes (shapeshifter)
  22 freezing wraiths
  6 human skeletons
  7 red devils
  2 catoblepas skeletons
  40 ice devils
  A yaktaur skeleton (Vaults:2)
  3 fire drakes
  A troll (shapeshifter) (D:15)
  28 jumping spiders
  5 hydra zombies
  4 tengu conjurers
  23 merfolk
  A queen bee (shapeshifter) (Vaults:2)
  3 harpy zombies
  10 trolls
  A polar bear (shapeshifter) (Vaults:2)
  18 two-headed ogres
  A wind drake (Shoals:3)
  Grinder (D:5)
  An ettin zombie (Coc:7)
  3 hydra skeletons
  4 minotaur skeletons (Volcano)
  3 harpy skeletons
  75 slime creatures
  4 alligator zombies
  6 boulder beetles
  A slime creature (shapeshifter) (Elf:3)
  3 ice dragon zombies
  A blink frog (shapeshifter) (Vaults:3)
  3 blink frogs (Lair:3)
  A snapping turtle (shapeshifter) (Vaults:2)
  2 guardian serpent zombies
  4 fire dragon zombies
  2 deep troll zombies (Depths:1)
  7 centaur simulacra
  6 snapping turtles
  3 ettin skeletons
  16 flying skulls
  88 redbacks
  5 spriggans
  7 air elementals
  3 shadows
  3 vampires
  3 fire dragon skeletons (Crypt:3)
  2 tarantellas (shapeshifter)
  4 wyverns
  5 ice dragon skeletons
  5 basilisks
  A hog (shapeshifter) (D:15)
  33 water elementals
  55 yaks
  34 tarantellas
  A yak (shapeshifter) (Elf:1)
  20 wraiths
  A black mamba skeleton (Crypt:3)
  4 fire elementals
  A yaktaur simulacrum (Depths:1)
  3 hungry ghosts
  A hill giant zombie (Crypt:2)
  3 golden eyes
  2 hogs (D:12)
  23 vampire mosquitoes
  14 hippogriffs
  4 harpy simulacra (IceCv)
  Menkaure (Volcano)
  A death yak simulacrum (IceCv)
  2 hill giant skeletons (Volcano)
  3 soldier ants
  15 wolves
  An iron troll simulacrum (IceCv)
  A spatial vortex (Coc:7)
  7 wargs
  3 hydra simulacra
  6 spiny frog zombies
  15 hell hounds
  A swamp worm (shapeshifter) (Vaults:5)
  Duvessa (D:7)
  10 porcupines
  13 water moccasins
  3 merfolk skeletons
  A swamp drake (D:11)
  2 eyes of draining (shapeshifter)
  45 orc warriors
  4 ice beasts
  5 sky beasts
  2 black bears (shapeshifter) (D:15)
  A black bear (D:8)
  3 alligator simulacra
  22 wasps
  An ettin simulacrum (IceCv)
  A tengu (shapeshifter) (Depths:3)
  5 eyes of draining
  5 phantoms
  A fire dragon simulacrum (Depths:1)
  4 necrophages
  2 orc skeletons
  2 snapping turtle zombies
  14 centaurs
  An ice dragon simulacrum (Coc:7)
  50 ogres
  10 boggarts
  A hog skeleton (Crypt:1)
  2 manticore skeletons
  2 snapping turtle skeletons
  21 crocodiles
  3 big kobolds
  The ghost of Conn321 the Magician, an amateur DEFE (D:3)
  An elf zombie (Elf:1)
  A yaktaur zombie (Crypt:1)
  Blork the orc (D:6)
  25 giant frogs
  Dowan (D:7)
  An earth elemental (Elf:2)
  A water moccasin skeleton (Crypt:2)
  A wyvern skeleton (D:14)
  6 scorpions
  A shapeshifter zombie (Crypt:2)
  A snapping turtle simulacrum (Coc:7)
  2 spriggan zombies
  5 spriggan skeletons
  10 killer bees
  A yak skeleton (Crypt:2)
  31 wights
  7 electric eels
  16 crimson imps
  2 quasits
  Crazy Yiuf (D:7)
  2 draconian simulacra (IceCv)
  A giant frog zombie (D:7)
  2 human simulacra
  23 jellies
  33 orc priests
  9 hounds
  7 centaur skeletons
  3 giant frog skeletons
  10 iron imps (Dis:7)
  Jessica (D:2)
  A black bear skeleton (Crypt:1)
  8 iguanas
  A polar bear simulacrum (IceCv)
  5 troll simulacra (IceCv)
  13 worker ants
  30 orc wizards
  Terence (D:2)
  2 spriggan simulacra (IceCv)
  2 killer bee zombies
  26 sheep
  A sky beast zombie (Crypt:3)
  2 tengu zombies
  3 wolf simulacra (IceCv)
  An ogre skeleton (Volcano)
  A hound zombie (D:8)
  10 mummies
  Robin (D:2)
  16 gnolls
  16 adders
  2 naga simulacra (IceCv)
  3 ogre simulacra (IceCv)
  24 river rats
  7 shadow imps
  20 white imps
  6 ufetubi (IceCv)
  An ooze (D:1)
  An adder zombie (D:8)
  A sheep zombie (Crypt:1)
  2 adder skeletons
  A sheep skeleton (Crypt:2)
  6 worms
  3 giant geckos
  103 orcs
  11 bats
  5 giant cockroaches
  19 goblins
  17 hobgoblins
  14 jackals
  35 kobolds
  A quokka (D:3)
  6 ball pythons
  3 giant gecko skeletons
  2 giant newts (D:2)
  A hobgoblin zombie (Crypt:3)
  A jackal skeleton (Crypt:3)
  An orc zombie (Crypt:1)
  A quokka skeleton (D:5)
  8 rats
  A crawling corpse (Elf:3)
  19 fungi
  25 plants
  5 tentacles
  A tentacle segment (Shoals:1)
3263 creatures vanquished.

Vanquished Creatures (collateral kills)
  the Royal Jelly (Slime:6)
  2 Brimstone Fiends (Geh:7)
  2 sphinxes (Vaults:4)
  A titan (Vaults:4)
  2 acid blobs (Slime:6)
  An azure jelly (Slime:6)
  A balrug (Geh:7)
  A fire giant (Geh:7)
  An elemental wellspring (Coc:7)
  A merfolk javelineer (Shoals:4)
  A death ooze (Slime:6)
  2 merfolk avatars (Shoals:4)
  An anaconda (shapeshifter) (Vaults:4)
  A merfolk aquamancer (Shoals:4)
  An ogre mage (Vaults:4)
  A satyr (Shoals:4)
  A griffon (Shoals:4)
  2 wolf spiders (Vaults:4)
  A manticore (Shoals:4)
  A siren (Shoals:4)
  2 vault sentinels (Vaults:4)
  An eye of devastation (Slime:6)
  A hellion (Geh:7)
  An ice devil (Coc:7)
  A fire drake (shapeshifter) (Vaults:4)
  3 freezing wraiths
  A two-headed ogre (Vaults:4)
  2 merfolk (Shoals:4)
  A boulder beetle (shapeshifter) (Vaults:4)
  A slime creature (Slime:6)
  4 ogres (Vaults:4)
  A spiny frog skeleton (Coc:7)
  A big kobold (shapeshifter) (Vaults:4)
  A spiny frog simulacrum (Coc:7)
  A crimson imp (Geh:7)
  A white imp (Coc:7)
  An orc zombie (Coc:7)
49 creatures vanquished.

Vanquished Creatures (others)
  A lich (Depths:2)
  An Ice Fiend (Dis:7)
  A deep elf master archer (Elf:3)
  A sphinx (Vaults:5)
  A vault warden (Vaults:5)
  4 stone giants
  2 merfolk javelineers
  A fire dragon (Vaults:1)
  3 yaktaur captains
  A dancing weapon (Elf:2)
  3 satyrs
  3 centaur warriors (D:15)
  An ogre mage (Depths:3)
  2 deep elf knights
  6 deep elf archers
  A fire giant zombie (Coc:7)
  2 deep elf magi
  A manticore (D:15)
  6 fauns
  4 cyclopes
  2 molten gargoyles (Geh:7)
  A vault sentinel (Vaults:2)
  7 yaktaurs
  A merfolk (Shoals:1)
  A two-headed ogre (Vaults:5)
  An ettin zombie (Geh:7)
  A human (D:12)
  A tarantella (Spider:3)
  An orc warrior (Vaults:5)
  7 centaurs
  3 white imps (IceCv)
  3 hobgoblins (Bailey)
  4 kobolds (Bailey)
  14 fungi
  6 lost souls
  16 plants
  7 tentacles
  187 tentacle segments
308 creatures vanquished.

Grand Total: 3620 creatures vanquished

Notes
Turn   | Place    | Note
--------------------------------------------------------------
     0 | D:1      | vivi the Formicid Fighter began the quest for the Orb.
     0 | D:1      | Reached XP level 1. HP: 18/18 MP: 1/1
    90 | D:1      | Reached XP level 2. HP: 17/24 MP: 2/2
   291 | D:1      | Reached skill level 4 in Shields
   350 | D:1      | Reached XP level 3. HP: 25/30 MP: 3/3
   813 | D:2      | Noticed Robin
   817 | D:2      | Reached XP level 4. HP: 30/37 MP: 4/4
   826 | D:2      | Killed Robin
  1133 | D:2      | Noticed Terence
  1144 | D:2      | Killed Terence
  1144 | D:2      | Reached XP level 5. HP: 30/42 MP: 5/5
  1309 | D:2      | Found a blossoming altar of Fedhas.
  1354 | D:2      | Noticed Jessica
  1357 | D:2      | Killed Jessica
  1741 | D:3      | Reached skill level 5 in Shields
  1857 | D:3      | Found a radiant altar of Vehumet.
  2126 | D:3      | Found an opulent altar of Gozag.
  2170 | D:3      | Found Gozag's Platinum Reserve.
  2355 | D:3      | Noticed Conn321's ghost (amateur DEFE)
  2363 | D:3      | Killed Conn321's ghost
  2363 | D:3      | Reached XP level 6. HP: 47/49 MP: 6/6
  2501 | D:4      | Found an iron altar of Okawaru.
  3124 | D:4      | Reached skill level 5 in Armour
  3124 | D:4      | Reached XP level 7. HP: 50/55 MP: 7/7
  3679 | D:5      | Entered Level 5 of the Dungeon
  3738 | D:5      | Reached skill level 6 in Shields
  3953 | D:5      | Reached skill level 5 in Fighting
  3953 | D:5      | Reached XP level 8. HP: 52/62 MP: 8/8
  4038 | D:5      | Noticed Grinder
  4090 | D:5      | Killed Grinder
  4090 | D:5      | Reached skill level 7 in Shields
  4180 | D:5      | Noticed Vodkovich's ghost (novice OpCj)
  4209 | D:5      | Killed Vodkovich's ghost
  4209 | D:5      | Reached skill level 5 in Axes
  4563 | D:5      | Found a white marble altar of Elyvilon.
  4750 | D:5      | Reached XP level 9. HP: 60/69 MP: 9/9
  4899 | D:5      | Reached skill level 8 in Shields
  5213 | D:6      | Noticed Blork the orc
  5536 | D:6      | Killed Blork the orc
  6203 | D:6      | Reached skill level 9 in Shields
  6290 | D:6      | Found a staircase to the Ecumenical Temple.
  6296 | Temple   | Entered the Ecumenical Temple
  6580 | D:7      | Found an oddly glowing altar of Pakellas.
  6858 | D:7      | Noticed Duvessa
  6858 | D:7      | Noticed Dowan
  6863 | D:7      | Reached XP level 10. HP: 77/77 MP: 10/10
  6865 | D:7      | Killed Duvessa
  6875 | D:7      | Killed Dowan
  6906 | D:7      | Reached skill level 10 in Shields
  7059 | D:7      | Noticed Crazy Yiuf
  7069 | D:7      | Killed Crazy Yiuf
  7263 | D:7      | Got a pitted long sword
  7358 | D:7      | Got a scorched flail
  7359 | D:7      | Identified the +3 flail of Cheibriados's Esteem {flame, +Blink Dex+10} (You found it on level 7 of the Dungeon)
  7360 | D:7      | Identified the +9 long sword of Dishonesty {freeze, Int+6} (You found it on level 7 of the Dungeon)
  7446 | D:7      | Gained mutation: Your movements are slightly less encumbered by armour (ER -2). [potion of mutation]
  7446 | D:7      | Gained mutation: You are agile. (Dex +2) [potion of mutation]
  7446 | D:7      | Gained mutation: Your mind is acute. (Int +2) [potion of mutation]
  8055 | D:8      | Found a sacrificial altar of Ru.
  8696 | D:8      | Found a sparkling altar of Nemelex Xobeh.
  8857 | D:8      | Found a glowing golden altar of the Shining One.
  8877 | D:8      | Became a worshipper of the Shining One
  8965 | D:8      | Reached skill level 11 in Shields
  9723 | D:8      | Reached * piety under the Shining One
  9842 | D:8      | Reached XP level 11. HP: 43/85 MP: 11/11
 10117 | D:9      | Found a staircase to the Lair.
 10442 | D:9      | Reached skill level 1 in Evocations
 10489 | D:9      | Found a shattered altar of Ashenzari.
 10511 | D:9      | Reached skill level 1 in Invocations
 10621 | D:9      | Reached ** piety under the Shining One
 10854 | Lair:1   | Entered Level 1 of the Lair of Beasts
 10902 | D:10     | Entered Level 10 of the Dungeon
 10951 | D:10     | Noticed Nergalle
 10969 | D:10     | Noticed a spectral orc warlord
 10974 | D:10     | Noticed a spectral orc warlord
 10981 | D:10     | Killed Nergalle
 11073 | D:10     | Reached skill level 12 in Shields
 11084 | D:10     | Noticed Erolcha
 11102 | D:10     | Killed Erolcha
 11131 | D:10     | Noticed Urug
 11157 | D:10     | Killed Urug
 12013 | D:10     | Found a blossoming altar of Fedhas.
 12140 | D:11     | Noticed a cyan ugly thing
 12146 | D:11     | Killed a cyan ugly thing
 12153 | D:11     | Gained mutation: Your mind is very acute. (Int +4) [mutagenic meat]
 12154 | D:11     | Lost mutation: You are agile. (Dex +2) [mutagenic meat]
 12178 | D:11     | Found a labyrinth entrance.
 12190 | D:11     | Reached XP level 12. HP: 79/94 MP: 13/15
 12219 | Lab      | Entered a labyrinth
 12575 | Lab      | Got a clouded ruby amulet
 12602 | Lab      | Reached skill level 5 in Invocations
 12620 | Lab      | Reached skill level 10 in Axes
 13031 | Lab      | Reached *** piety under the Shining One
 13404 | Lab      | Noticed a minotaur
 13411 | Lab      | Killed a minotaur
 13411 | Lab      | Reached skill level 5 in Evocations
 13646 | D:11     | Found a staircase to the Orcish Mines.
 13676 | D:11     | Reached skill level 13 in Shields
 13682 | D:11     | Gained mutation: Your skin changes colour to match your surroundings (Stealth). [mutagenic meat]
 13683 | D:11     | Gained mutation: You are agile. (Dex +2) [mutagenic meat]
 13684 | D:11     | Gained mutation: You are somewhat resistant to further mutation. [mutagenic meat]
 13858 | D:11     | Noticed Harold
 13863 | D:11     | Killed Harold
 14188 | D:11     | Identified the amulet "Wirasak" {Reflect SH+4 Stlth+} (You found it in a labyrinth)
 14421 | D:12     | Reached **** piety under the Shining One
 14481 | D:12     | Noticed Maurice
 14488 | D:12     | Reached XP level 13. HP: 101/101 MP: 17/17
 14519 | D:12     | Killed Maurice
 14538 | D:12     | Noticed Kirke
 14559 | D:12     | Killed Kirke
 14559 | D:12     | Reached skill level 10 in Armour
 14595 | D:12     | Found an oddly glowing altar of Pakellas.
 14595 | D:12     | Found Pakellas's Prime Provisions.
 17028 | Lair:2   | Got a faintly glowing zirconium amulet
 17231 | Lair:3   | Reached skill level 10 in Fighting
 17324 | Lair:3   | Reached skill level 14 in Shields
 17376 | Lair:3   | Noticed an eight-headed hydra
 17871 | Lair:4   | Found a hole to the Spider Nest.
 18457 | Lair:5   | Reached XP level 14. HP: 105/110 MP: 20/20
 18679 | Lair:5   | Identified a scroll of acquirement
 19029 | Lair:5   | Found a staircase to the Shoals.
 19328 | Lair:6   | You fall through a shaft!
 19378 | Lair:7   | Found a staircase to the Slime Pits.
 19463 | Lair:7   | Noticed Rupert
 19483 | Lair:7   | Killed Rupert
 19576 | Lair:7   | Found a dark tunnel.
 19581 | Volcano  | Entered a volcano
 19617 | Volcano  | Reached ***** piety under the Shining One
 19797 | Volcano  | Noticed Menkaure
 19805 | Volcano  | Killed Menkaure
 20441 | Lair:6   | Reached skill level 15 in Shields
 20848 | Lair:6   | Reached XP level 15. HP: 118/118 MP: 22/22
 21991 | Lair:7   | Reached skill level 10 in Invocations
 22122 | Lair:8   | Entered Level 8 of the Lair of Beasts
 22563 | Lair:8   | Found an iron altar of Okawaru.
 23352 | Lair:8   | Reached ****** piety under the Shining One
 23453 | Lair:8   | Reached skill level 16 in Shields
 23733 | Lair:8   | Got a bloodstained shield
 23744 | Lair:8   | Identified the +2 shield of Nashuzom {*Confuse rPois Str+3} (You acquired it on level 8 of the Lair of Beasts)
 23745 | Lair:8   | Identified the amulet "Heir" {Spirit rPois rN+ MP+9 Str-4} (You found it on level 2 of the Lair of Beasts)
 24043 | Lair:8   | Reached XP level 16. HP: 127/127 MP: 24/24
 24371 | Orc:1    | Entered Level 1 of the Orcish Mines
 24400 | Orc:1    | Found a flagged portal.
 24407 | Bailey   | Entered a bailey
 25026 | Orc:1    | Found Kyupaf's Gadget Shop.
 25157 | Orc:1    | Found a roughly hewn altar of Beogh.
 25380 | Orc:2    | Entered Level 2 of the Orcish Mines
 25429 | Orc:2    | Found Syqisats's Antique Weapon Emporium.
 25600 | Orc:2    | Found Teygaf's Antique Armour Shoppe.
 25610 | Orc:2    | Bought a pair of glowing boots for 157 gold pieces
 25630 | Orc:2    | Found Juhilurr's Jewellery Boutique.
 25636 | Orc:2    | Reached skill level 10 in Evocations
 25642 | Orc:2    | Bought a cursed amulet of inaccuracy for 26 gold pieces
 25642 | Orc:2    | Bought a cursed ring of loudness for 58 gold pieces
 25642 | Orc:2    | Bought an uncursed ring of protection from cold for 325 gold pieces
 25737 | Orc:2    | Found Legil's General Store.
 25755 | Orc:2    | Bought a scroll of identify for 32 gold pieces
 25755 | Orc:2    | Bought a meat ration for 80 gold pieces
 25833 | Orc:2    | Found Pywudd's Jewellery Boutique.
 25850 | Orc:2    | Reached skill level 17 in Shields
 26084 | Orc:2    | Found a roughly hewn altar of Beogh.
 26327 | Orc:2    | Found a staircase to the Elven Halls.
 26987 | D:13     | Lost mutation: You are agile. (Dex +2) [mutagenic meat]
 27029 | D:13     | Reached skill level 18 in Shields
 27487 | D:14     | Found a gate to the Vaults.
 27517 | D:14     | Reached XP level 17. HP: 109/133 MP: 26/26
 27937 | D:15     | Entered Level 15 of the Dungeon
 27998 | D:15     | Reached skill level 19 in Shields
 28425 | D:15     | Found a staircase to the Depths.
 28503 | D:15     | Found an oddly glowing altar of Pakellas.
 28504 | D:15     | Found an opulent altar of Gozag.
 28504 | D:15     | Found an oddly glowing altar of Pakellas.
 28831 | D:15     | Gained mutation: You regenerate slowly when monsters are visible. [mutagenic meat]
 28832 | D:15     | Lost mutation: You are somewhat resistant to further mutation. [mutagenic meat]
 28853 | D:15     | Reached skill level 15 in Axes
 29064 | D:15     | Lost mutation: Your mind is very acute. (Int +4) [mutagenic meat]
 29066 | D:15     | Gained mutation: You are agile. (Dex +2) [mutagenic meat]
 29067 | D:15     | Gained mutation: Armour fits poorly on your strangely shaped body. [mutagenic meat]
 29302 | D:15     | Reached skill level 20 in Shields
 29496 | D:15     | Gained mutation: Your flesh is cold resistant. [mutagenic meat]
 29497 | D:15     | Gained mutation: You evolve. [mutagenic meat]
 30161 | D:9      | Reached XP level 18. HP: 142/142 MP: 27/27
 30588 | Spider:1 | Entered Level 1 of the Spider Nest
 31593 | Spider:2 | Found a frozen archway.
 31602 | Spider:2 | Noticed Arachne
 31607 | IceCv    | Entered an ice cave
 32370 | IceCv    | Reached skill level 21 in Shields
 32414 | IceCv    | Got a pair of warped gloves
 32500 | IceCv    | Identified the +1 pair of gloves of the Guild-Master {-Tele rN+ Int+2} (You found it in an ice cave)
 32514 | Spider:2 | Killed Arachne
 32802 | Spider:2 | Gained mutation: Your spells are a little harder to cast, but a little more powerful. [evolution]
 32929 | Spider:2 | Got a pair of distressingly furry gloves
 32940 | Spider:2 | Identified the +1 pair of gloves of the Thirteen Spirits {-Cast +Fly rF+ MP+9} (You found it on level 2 of the Spider Nest)
 34142 | Spider:3 | Reached XP level 19. HP: 150/150 MP: 29/29
 34520 | Spider:4 | Entered Level 4 of the Spider Nest
 35210 | Spider:4 | Reached skill level 22 in Shields
 35450 | Spider:4 | Got a gossamer rune of Zot
 36254 | Shoals:1 | Entered Level 1 of the Shoals
 36628 | Shoals:1 | Gained mutation: You have sharp toenails. [evolution]
 37015 | Shoals:1 | Reached XP level 20. HP: 146/158 MP: 30/30
 37141 | Shoals:2 | Found Senifo's Assorted Antiques.
 37168 | Shoals:2 | Bought a scroll of identify for 66 gold pieces
 37168 | Shoals:2 | Bought a potion of curing for 99 gold pieces
 37168 | Shoals:2 | Bought a potion of curing for 99 gold pieces
 39059 | Shoals:4 | Entered Level 4 of the Shoals
 39287 | Shoals:4 | Noticed Ilsuiw
 39323 | Shoals:4 | Killed Ilsuiw
 39397 | Shoals:4 | Reached skill level 23 in Shields
 40196 | Shoals:4 | Reached skill level 15 in Invocations
 40541 | Shoals:4 | Gained mutation: You are partially covered in rough black scales (AC +4, Dex -1). [evolution]
 40541 | Shoals:4 | Lost mutation: You evolve. [end of evolution]
 40834 | Shoals:4 | Got a barnacled rune of Zot
 41499 | Vaults:1 | Entered Level 1 of the Vaults
 41881 | Vaults:1 | Reached XP level 21. HP: 152/165 MP: 32/32
 42442 | Orc:1    | Bought a wand of heal wounds (6/9) for 900 gold pieces
 43267 | Vaults:2 | Lost mutation: Your spells are a little harder to cast, but a little more powerful. [mutagenic meat]
 43268 | Vaults:2 | Lost mutation: Your mind is acute. (Int +2) [mutagenic meat]
 43905 | Vaults:2 | Found a staircase to the Crypt.
 45313 | Vaults:3 | Reached XP level 22. HP: 173/173 MP: 28/34
 45339 | Vaults:3 | Gained mutation: You have a beak for a mouth. [mutagenic meat]
 45340 | Vaults:3 | Lost mutation: Armour fits poorly on your strangely shaped body. [mutagenic meat]
 45548 | Vaults:3 | Upgraded the game from 0.18-a0-1084-g259f6cf to 0.18-a0-1105-ge9caa06
 45578 | Vaults:3 | Found Kishrih's Antique Armour Shoppe.
 45861 | Vaults:3 | Reached skill level 15 in Fighting
 46137 | Vaults:3 | Lost mutation: You have sharp toenails. [mutagenic meat]
 46140 | Vaults:3 | Lost mutation: You are agile. (Dex +2) [mutagenic meat]
 46187 | Vaults:3 | Gained mutation: You are clumsy. (Dex -2) [a shining eye]
 46220 | Vaults:3 | Found Hacwi Ojozu's Magic Scroll Shoppe.
 46369 | Vaults:4 | Noticed Sojobo
 46389 | Vaults:4 | Killed Sojobo
 46604 | Vaults:4 | Reached skill level 24 in Shields
 46648 | Vaults:4 | Noticed Jory
 46680 | Vaults:4 | Killed Jory
 47241 | Vaults:4 | Gained mutation: Your flesh is heat resistant. [mutagenic meat]
 47352 | Vaults:4 | The Shining One protects you from harm!
 48077 | Vaults:4 | Reached XP level 23. HP: 156/182 MP: 35/35
 48258 | Crypt:1  | Entered Level 1 of the Crypt
 48403 | Crypt:1  | Noticed Xtahua
 48416 | Crypt:1  | Killed Xtahua
 48883 | Crypt:1  | Reached skill level 15 in Evocations
 49591 | Crypt:3  | Entered Level 3 of the Crypt
 49822 | Crypt:3  | Found a magical portal.
 49831 | WizLab   | Entered Iskenderun's Mystic Tower
 50284 | WizLab   | Identified Iskenderun's Papyrus of Combat Magic
 50284 | WizLab   | Identified Iskenderun's Tome of Gliding Confrontation
 50298 | WizLab   | Reached XP level 24. HP: 183/191 MP: 35/35
 51121 | Crypt:3  | Found a staircase to the Tomb.
 51388 | Crypt:3  | Noticed an ancient lich
 51398 | Crypt:3  | Killed an ancient lich
 51450 | Crypt:3  | Noticed a curse toe
 51466 | Crypt:3  | Killed a curse toe
 51547 | Crypt:3  | Identified the Papyrus of Unholy Arts (You found it on level 3 of the Crypt)
 51567 | Crypt:3  | Reached skill level 15 in Armour
 51641 | Crypt:3  | Got a steaming platinum ring
 51651 | Crypt:3  | Got a twitching steel ring
 51746 | Crypt:3  | Identified the ring "Vuepicwo" {rF+ rN+ MP+9} (You found it on level 3 of the Crypt)
 51747 | Crypt:3  | Identified the ring "Cuun Owo" {rF- rC+++ rN+ Int+5} (You took it off a wight on level 3 of the Crypt)
 52879 | D:15     | Gained mutation: You are resistant to hostile enchantments. [mutagenic meat]
 53078 | Depths:1 | Entered Level 1 of the Depths
 53150 | Depths:1 | Found Igalel Fyts's Specialty Armours.
 53233 | Depths:1 | Found a one-way gate to the infinite horrors of the Abyss.
 53239 | Depths:1 | Found a gateway to a ziggurat.
 53271 | Depths:1 | Got a shimmering shield
 53272 | Depths:1 | Identified the +3 shield of the Many Ghosts {MP+9} (You acquired it on level 1 of the Depths)
 53473 | Depths:1 | Reached skill level 25 in Shields
 53503 | Depths:1 | Found a gateway to Hell.
 53586 | Depths:1 | Reached XP level 25. HP: 173/198 MP: 36/36
 53926 | Depths:2 | Found Koxue's Weapon Boutique.
 54301 | Depths:2 | Gained mutation: Your magical capacity is low (-10% MP). [mutagenic meat]
 54303 | Depths:2 | Lost mutation: Your magical capacity is low (-10% MP). [mutagenic meat]
 54867 | Depths:3 | Found Offeulail's Antique Armour Boutique.
 54868 | Depths:3 | Noticed Saint Roka
 54945 | Depths:3 | Killed Saint Roka
 54966 | Depths:3 | Found a one-way gate leading to the halls of Pandemonium.
 54986 | Depths:3 | Found a flickering gateway to a bazaar.
 54993 | Bazaar   | Entered a bazaar
 54995 | Bazaar   | Found Ifiydgh's Assorted Antiques.
 54999 | Bazaar   | Found Pyitorun's Weapon Boutique.
 54999 | Bazaar   | Found Roedocog's Gadget Boutique.
 55000 | Bazaar   | Found Poli's Book Boutique.
 55033 | Bazaar   | Bought a lamp of fire for 1120 gold pieces
 55033 | Bazaar   | Bought a scroll of recharging for 266 gold pieces
 55033 | Bazaar   | Bought a potion of might for 112 gold pieces
 55033 | Bazaar   | Bought a potion of curing for 84 gold pieces
 55038 | Bazaar   | Bought a fan of gales for 400 gold pieces
 55038 | Bazaar   | Bought a phantom mirror for 300 gold pieces
 55038 | Bazaar   | Bought a crystal ball of energy for 200 gold pieces
 55081 | Depths:3 | Gained mutation: You expend magic power (3 MP) to strengthen your wands. [mutagenic meat]
 55240 | Depths:3 | Noticed an ancient lich
 55256 | Depths:3 | Killed an ancient lich
 55462 | Depths:3 | Lost mutation: You are clumsy. (Dex -2) [mutagenic meat]
 55463 | Depths:3 | Gained mutation: You have sharp toenails. [mutagenic meat]
 55464 | Depths:3 | Gained mutation: You have razor-sharp toenails. [mutagenic meat]
 55626 | Depths:3 | Noticed a caustic shrike
 55631 | Depths:3 | Noticed a juggernaut
 55633 | Depths:3 | Killed a caustic shrike
 55642 | Depths:3 | Noticed a caustic shrike
 55649 | Depths:3 | Killed a juggernaut
 55662 | Depths:3 | Killed a caustic shrike
 55678 | Depths:3 | Reached XP level 26. HP: 154/206 MP: 36/36
 56001 | Depths:3 | Noticed an iron giant
 56027 | Depths:3 | Killed an iron giant
 56713 | Depths:4 | Found a glowing golden altar of the Shining One.
 57417 | Depths:4 | Gained mutation: You are dopey. (Int -2) [mutagenic meat]
 57418 | Depths:4 | Lost mutation: You have razor-sharp toenails. [mutagenic meat]
 57423 | Depths:4 | Gained mutation: You are somewhat resistant to further mutation. [mutagenic meat]
 57424 | Depths:4 | Lost mutation: You regenerate slowly when monsters are visible. [mutagenic meat]
 58174 | Elf:1    | Entered Level 1 of the Elven Halls
 58297 | Elf:1    | Identified the Reference Book on Evil
 58344 | Elf:1    | Found Zaewa's Distillery.
 58347 | Elf:1    | Bought a potion of heal wounds for 95 gold pieces
 58347 | Elf:1    | Bought 2 potions of curing for 114 gold pieces
 58347 | Elf:1    | Bought a potion of resistance for 190 gold pieces
 58347 | Elf:1    | Bought a potion of curing for 57 gold pieces
 58347 | Elf:1    | Bought a potion of mutation for 47 gold pieces
 58347 | Elf:1    | Bought a potion of curing for 57 gold pieces
 58347 | Elf:1    | Gained mutation: Scrolls take you a little longer to read. [potion of mutation]
 58347 | Elf:1    | Gained mutation: You are covered in fur (AC +1). [potion of mutation]
 59022 | Elf:2    | Found a runed gate.
 59022 | Elf:2    | Found a runed gate.
 59022 | Elf:2    | Found a runed gate.
 59485 | Elf:2    | Reached skill level 26 in Shields
 59715 | Elf:2    | Reached XP level 27. HP: 215/215 MP: 36/36
 59807 | Elf:2    | Found a gateway to a bazaar.
 59818 | Bazaar   | Entered a bazaar
 59818 | Bazaar   | Found Xioba's Assorted Antiques.
 59818 | Bazaar   | Found Esugio's Assorted Antiques.
 59818 | Bazaar   | Found Nuanoa Yreps's Distillery.
 59818 | Bazaar   | Found Joigamem's Armour Boutique.
 59837 | Bazaar   | Bought a potion of cure mutation for 625 gold pieces
 59837 | Bazaar   | Bought a scroll of fog for 50 gold pieces
 59837 | Bazaar   | Bought a potion of heal wounds for 125 gold pieces
 59837 | Bazaar   | Bought a sack of spiders for 500 gold pieces
 59841 | Bazaar   | Bought a potion of agility for 32 gold pieces
 59841 | Bazaar   | Bought a potion of curing for 24 gold pieces
 59841 | Bazaar   | Bought a potion of agility for 32 gold pieces
 59841 | Bazaar   | Bought a potion of lignification for 24 gold pieces
 59841 | Bazaar   | Bought a potion of heal wounds for 40 gold pieces
 59841 | Bazaar   | Bought 2 potions of curing for 48 gold pieces
 59953 | Elf:2    | Found Itteimih's One-of-a-Kind Books.
 60034 | Elf:3    | Entered Level 3 of the Elven Halls
 60915 | Elf:3    | Got a twitching granite ring
 60919 | Elf:3    | Identified the ring "Penat" {rPois rF+ Str+3 Dex+2} (You found it on level 3 of the Elven Halls)
 60939 | Elf:3    | Got a bone hand crossbow
 60968 | Elf:3    | Identified the Reference Book on Conjuration
 60974 | Elf:3    | Identified the Handbook of Moulding
 61008 | Elf:3    | Got a warped brass ring
 61032 | Elf:3    | Identified the +4 hand crossbow of Plunder {freeze, Str-4 Int+6} (You found it on level 3 of the Elven Halls)
 61034 | Elf:3    | Identified the ring of Emoonid {rC+ MR++ EV+4} (You found it on level 3 of the Elven Halls)
 61040 | Elf:3    | Identified a +1 rod of clouds (11/11) (You found it on level 3 of the Elven Halls)
 61042 | Elf:3    | Identified a +5 rod of shadows (11/11) (You found it on level 3 of the Elven Halls)
 61137 | Elf:3    | Got a polished cloak
 61140 | Elf:3    | Identified the +2 cloak of Togh {rF- rCorr Int+3} (You found it on level 3 of the Elven Halls)
 62025 | Depths:5 | Entered Level 5 of the Depths
 62046 | Depths:5 | Noticed a juggernaut
 62063 | Depths:5 | Killed a juggernaut
 62276 | Depths:5 | Noticed a juggernaut
 62287 | Depths:5 | Killed a juggernaut
 62346 | Depths:5 | Noticed Boris
 62359 | Depths:5 | Killed Boris
 62583 | Depths:5 | Found a gate to the Realm of Zot.
 63131 | Vaults:5 | Entered Level 5 of the Vaults
 63481 | Vaults:5 | Noticed FIQ's ghost (veteran GrFi)
 63800 | Vaults:5 | Killed FIQ's ghost
 63908 | Vaults:5 | Noticed Boris
 63918 | Vaults:5 | Killed Boris
 64184 | Vaults:5 | Got a silver rune of Zot
 64212 | Vaults:5 | Got a transparent marble ring
 64309 | Vaults:5 | Identified the ring "Futariu" {rF+ Str+3} (You took it off a vault warden on level 5 of the Vaults)
 64373 | Vaults:5 | Identified Baimnoh's Intricacies of Secret Knowledge
 64393 | Vaults:5 | Gained mutation: You are weak. (Str -2) [a shining eye]
 64787 | Vaults:5 | Identified Miumim's Disquisition on Enchantment and the Snowflakes
 65037 | Vaults:5 | Identified a +1 rod of ignition (12/12) (You found it on level 5 of the Vaults)
 65704 | Lair:7   | Reached skill level 27 in Shields
 65719 | Slime:1  | Entered Level 1 of the Pits of Slime
 66520 | Slime:2  | You are sucked into a shaft!
 66840 | Slime:6  | Entered Level 6 of the Pits of Slime
 67123 | Slime:6  | Noticed the Royal Jelly
 67133 | Slime:6  | Killed the Royal Jelly
 67492 | Slime:6  | Got a glittering iron ring
 67494 | Slime:6  | Got a crude ruby amulet
 67498 | Slime:6  | Got a wavering iron amulet
 67550 | Slime:6  | Got a slimy rune of Zot
 67794 | Slime:2  | Gained mutation: Potions and wands are less effective at restoring your health. [a shining eye]
 67797 | Slime:2  | Gained mutation: Scrolls take you longer to read. [a shining eye]
 67830 | Slime:2  | Gained mutation: You are very weak. (Str -4) [a shining eye]
 68124 | Slime:2  | HP: 11/222 [acid (14)]
 68126 | Slime:2  | HP: 5/222 [acid (4)]
 68906 | Lair:1   | Identified a +9 executioner's axe of holy wrath (a +9 executioner's axe of chopping blessed by the Shining One)
 68906 | Lair:1   | Received a gift from the Shining One
 68914 | Lair:1   | Identified the ring of Zonumah {rPois Str+4 Stlth+} (You found it on level 6 of the Pits of Slime)
 68916 | Lair:1   | Identified the amulet of the Gloaming {Harm *Drain rPois} (You found it on level 6 of the Pits of Slime)
 68918 | Lair:1   | Identified the amulet "Goop" {+Rage Str+6} (You found it on level 6 of the Pits of Slime)
 69279 | Hell     | Entered the Vestibule of Hell
 69279 | Hell     | Noticed Geryon
 69297 | Hell     | Killed Geryon
 69371 | Hell     | Found a gateway to the Iron City of Dis.
 69427 | Hell     | Found a gateway to the freezing wastes of Cocytus.
 69562 | Coc:1    | Entered Level 1 of Cocytus
 69566 | Coc:1    | You are sucked into a shaft!
 69570 | Coc:2    | You are sucked into a shaft!
 69573 | Coc:3    | You are sucked into a shaft for 2 floors!
 69573 | Coc:5    | Noticed a shard shrike
 69573 | Coc:5    | Noticed a shard shrike
 69576 | Coc:5    | You are sucked into a shaft!
 69579 | Coc:6    | You are sucked into a shaft!
 69579 | Coc:7    | Entered Level 7 of Cocytus
 69592 | Coc:7    | Noticed Antaeus
 69622 | Coc:7    | Killed Antaeus
 69783 | Coc:7    | Got an icy rune of Zot
 69813 | Coc:7    | Noticed a shard shrike
 69830 | Coc:7    | Killed a shard shrike
 70011 | Coc:7    | Noticed a shard shrike
 70043 | Coc:7    | Killed a shard shrike
 70101 | Coc:7    | Noticed a shard shrike
 70101 | Coc:7    | Noticed a shard shrike
 70101 | Coc:7    | Noticed a shard shrike
 70104 | Coc:7    | Killed a shard shrike
 70115 | Coc:7    | Killed a shard shrike
 70137 | Coc:7    | Killed a shard shrike
 70145 | Coc:7    | Noticed a shard shrike
 70145 | Coc:7    | Noticed a shard shrike
 70145 | Coc:7    | Noticed a shard shrike
 70156 | Coc:7    | Killed a shard shrike
 70163 | Coc:7    | Killed a shard shrike
 70166 | Coc:7    | Killed a shard shrike
 70645 | Coc:7    | Noticed a shard shrike
 70659 | Coc:7    | Killed a shard shrike
 70716 | Coc:7    | Lost intelligence.
 70877 | Coc:7    | Noticed a shard shrike
 70905 | Coc:7    | Killed a shard shrike
 71181 | Coc:7    | Noticed a shard shrike
 71191 | Coc:7    | Killed a shard shrike
 71279 | Hell     | Found a gateway to the ashen valley of Gehenna.
 71311 | Geh:1    | Entered Level 1 of Gehenna
 71315 | Geh:1    | You are sucked into a shaft!
 71318 | Geh:2    | You are sucked into a shaft!
 71321 | Geh:3    | You are sucked into a shaft for 3 floors!
 71321 | Geh:6    | Found a shattered altar of Ashenzari.
 71324 | Geh:6    | You are sucked into a shaft!
 71324 | Geh:7    | Entered Level 7 of Gehenna
 71324 | Geh:7    | Noticed the Serpent of Hell
 71337 | Geh:7    | Killed the Serpent of Hell
 72237 | Geh:7    | Noticed Asmodeus
 72258 | Geh:7    | Killed Asmodeus
 72308 | Geh:7    | Identified the Guide on the Lucky Snowflakes
 72337 | Geh:7    | Got an obsidian rune of Zot
 72368 | Geh:7    | Identified the Papyrus of the Mountains
 72912 | Hell     | Found a gateway to the decaying netherworld of Tartarus.
 72981 | Dis:1    | Entered Level 1 of the Iron City of Dis
 72985 | Dis:1    | You are sucked into a shaft!
 72988 | Dis:2    | You are sucked into a shaft for 2 floors!
 72991 | Dis:4    | You are sucked into a shaft for 2 floors!
 72994 | Dis:6    | You are sucked into a shaft!
 72994 | Dis:7    | Entered Level 7 of the Iron City of Dis
 74460 | Dis:1    | You are sucked into a shaft!
 74463 | Dis:2    | You are sucked into a shaft!
 74466 | Dis:3    | You are sucked into a shaft for 2 floors!
 74469 | Dis:5    | You are sucked into a shaft!
 74472 | Dis:6    | You are sucked into a shaft!
 74895 | Dis:7    | Killed from afar by a Brimstone Fiend

Vault maps used:
D:1:      minmay_arrival_split_and_join, st_stairs_14
D:2:      first_bread, minmay_misc_feat_five, fedhas_altar_3, uniq_terence,
          uniq_robin, uniq_jessica
D:3:      lemuel_round_altar, grunt_ministairs_9,
          nicolae_gozag_zags_fifth_avenue
D:4:      okawaru_trees_1
D:5:      elyvilon_altar_5, uniq_grinder
D:6:      temple_green, uniq_blork_the_orc
D:7:      kennysheep_little_box, uniq_duvessa, uniq_crazy_yiuf_cottage
D:8:      lemuel_doored_altar, lemuel_crystal_altar, hangedman_pestilent_swarm,
          nicolae_ru_great_annihilating_truth
D:9:      ashenzari_altar_1, david_lair_shrubbed
D:10:     introduction_to_nature_2, uniq_erolcha, uniq_nergalle, uniq_urug
D:11:     erik_orc_1, lab_entry_generic, serial_bayou_lake_a, uniq_harold
D:12:     johnstein_pakellas_shop, uniq_maurice, uniq_kirke
D:14:     lightli_vaults_fourway_checkpoint, hangedman_glass_teeth
D:15:     hangedman_slaughterboxes
Temple:   water_room_temple_a_12
Lair:4:   spider_nest_entry_rubble, lemuel_fruit_tree
Lair:5:   minmay_shoals_entry_lonely_mermaid, grunt_megastairs_1,
          serial_bayou_shore_b
Lair:6:   serial_bayou_pond_e, minivault_23, grunt_megastairs_4
Lair:7:   minmay_slime_entry_oklob_open, enter_volcano_1, serial_bayou_shore_a,
          grunt_megastairs_5, serial_bayou_shore_b, uniq_rupert
Lair:8:   evilmike_catoblepas_cave, basic_altar, grunt_megastairs_3,
          infiniplex_staircase_pool
Shoals:2: serial_shops, nicolae_shop_waterfront, nicolae_shoals_dead_sea_scrolls
Shoals:3: kb_tengu_band
Shoals:4: shoals_end_hangedman, shoals_ilsuiw_alternative
Spider:1: nicolae_spider_hall_of_the_moth_king, spider_trap, hive_lemuel
Spider:2: portal_ice_cave_entry_pillars_02, uniq_arachne
Spider:4: spider_rune_water
Slime:2:  cheibrodos_slime_lost_civilization_1
Slime:5:  nicolae_slime_phagocytosis
Orc:1:    nicolae_orc_accident_2, enter_bailey_3, serial_shops,
          nicolae_shop_temple_entry_statues_fountains
Orc:2:    grunt_orc_gardens, grunt_orc_garden, grunt_orc_garden,
          grunt_orc_garden, grunt_orc_garden, serial_shops, nicolae_shop_trees,
          bh_open_orc_temple
Elf:1:    elf_arrival_001, serial_shops, nicolae_shop_behind_doors,
          minmay_elf_necromancy
Elf:2:    serial_shops, bzr_firewalk, nicolae_rare_books
Elf:3:    elf_hall, hex_tiny, uniq_aizul
Vaults:1: nicolae_vaults_three_branches, nicolae_vaults_shelves_hall,
          vaults_room_grid, st_star, vaults_mumra_chevron_long,
          vaults_dpeg_spiral, nicolae_vaults_diagonal_hallway_6,
          vaults_dpeg_ring, nicolae_vaults_little_squares_4
Vaults:2: v_misc_23, ontoclasm_vaults_ring_large, vaults_room_pools,
          ontoclasm_vaults_fault, minmay_crypt_entry_skeletal_spiral,
          vaults_room_large_hall, hangedman_vaults_unwind,
          nicolae_vaults_triangles, vaults_mumra_minichess,
          nicolae_vaults_little_squares_3, v_misc_14, grunt_vaults_hallway_short
Vaults:3: nicolae_vaults_ninety_degrees, hangedman_vaults_corner_blocks,
          hangedman_vaults_stagger, nicolae_vaults_statue_guard,
          nicolae_vaults_disjoint_gnomons, ontoclasm_vaults_ring_large,
          v_misc_33, v_misc_1, nicolae_vaults_mini_display_case, v_misc_22,
          ontoclasm_vaults_loading_screen, grunt_vaults_focal,
          ontoclasm_vaults_gateway, serial_shops, shop, shop_statue
Vaults:4: v_misc_10, v_misc_9, ontoclasm_vaults_ring_square,
          dpeg_vaults_pockets_of_resistance, ontoclasm_vaults_eye,
          ontoclasm_vaults_decontamination, nicolae_vaults_alarming, uniq_jory,
          uniq_sojobo
Vaults:5: uniq_boris
Crypt:1:  grunt_crypt_arrival_webbed, uniq_xtahua
Crypt:3:  due_elkab, nicolae_tomb_entry_grand_gallery, mu_enter_wizlab_3,
          grunt_ministairs_6, minivault_14
Depths:1: enter_ziggurat_f, nicolae_twisting_strands, abyss_entry, hell_entry,
          hangedman_decor_diamond_cutter, corexii_hall_statues_t,
          nicolae_barding_shop
Depths:2: minmay_cut_squares, serial_shops, shop, serial_bayou_shore_b,
          hell_entry, abyss_entry
Depths:3: angbandy_vault, rand_demon_pan_entry_1, abandoned_shop, serial_shops,
          freezing_bzr, nicolae_shop_overgrown_old_shop, hell_entry,
          infiniplex_staircase_zigzag_2, uniq_saint_roka
Depths:4: abrahamwl_protected_by_tso_2, abyss_entry, hell_entry,
          glass_columns_a, due_unseen_surprise
Depths:5: evilmike_zot_entry_basic, hell_entry, minmay_stone_trees_small,
          uniq_boris
Dis:4:    hangedman_dis_decor_tower, hangedman_dis_decor_blocks_mantle
Dis:5:    lemuel_elevator
Dis:6:    hangedman_dis_monolith
Dis:7:    dis_hangedman
Geh:6:    hangedman_feature_mirror
Geh:7:    geh_mu
Coc:7:    coc_mu
Lab:      labyrinth_mini_lab, nicolae_lab_grate, nicolae_lab_hexagon,
          lab_statue, nicolae_lab_dead_end, lab_block, nicolae_lab_blocks
Bazaar:   bazaar_minmay_cross, bazaar_minmay_generic_box
Bailey:   bailey_axe_2, bailey
IceCv:    ice_cave_caverns_02
Volcano:  volcano_tomb
WizLab:   wizlab_iskenderun

Action                   |  1- 3 |  4- 6 |  7- 9 | 10-12 | 13-15 | 16-18 | 19-21 | 22-24 | 25-27 || total
-------------------------+-------+-------+-------+-------+-------+-------+-------+-------+-------++-------
Melee: War axe           |    74 |   150 |   477 |   191 |       |       |       |       |       ||   892
       Battleaxe         |       |       |       |   541 |   812 |  1310 |  1274 |  1377 |   963 ||  6277
       Executioner's axe |       |       |       |       |       |       |       |       |  1797 ||  1797
Invok: Cleansing Flame   |       |       |       |       |       |       |    14 |     3 |    28 ||    45
       Divine Shield     |       |       |       |       |       |       |     3 |     1 |     6 ||    10
       Summon Divine War |       |       |       |       |       |       |     3 |     2 |     5 ||    10
       Brand Weapon With |       |       |       |       |       |       |       |       |     1 ||     1
 Abil: Dig               |       |       |     8 |    19 |     9 |    23 |    10 |     5 |     9 ||    83
       Shaft Self        |       |       |       |       |     1 |       |       |       |    18 ||    19
       Evoke Flight      |       |       |       |       |       |       |     7 |       |       ||     7
Evoke: Wand              |       |       |       |     2 |     1 |     6 |    18 |       |    30 ||    57
       Fan of gales      |       |       |       |       |       |       |       |       |     2 ||     2
       Lamp of fire      |       |       |       |       |       |       |       |       |     2 ||     2
       Stone of tremors  |       |       |       |       |       |       |       |       |     2 ||     2
       Disc of storms    |       |       |       |       |       |       |       |       |     1 ||     1
       Phial of floods   |       |       |       |       |       |       |       |       |     1 ||     1
       Phantom mirror    |       |       |       |       |       |       |       |       |     1 ||     1
  Use: Potion            |       |     1 |     3 |     4 |     2 |     4 |     8 |     8 |    17 ||    47
       Scroll            |       |       |       |    20 |    11 |     9 |     7 |    13 |    44 ||   104
 Stab: Paralysed         |       |       |       |     1 |       |       |       |       |       ||     1
       Distracted        |       |       |       |       |       |       |       |       |     2 ||     2
  Eat: Chunk             |       |     4 |    11 |    24 |    17 |    32 |     9 |    18 |    37 ||   152
       Royal jelly       |       |     1 |       |       |     2 |       |     1 |     1 |     1 ||     6
       Beef jerky        |       |       |     1 |     3 |       |     9 |     2 |     1 |     3 ||    19
       Fruit             |       |       |     3 |     8 |    10 |    10 |       |       |    12 ||    43
       Pizza             |       |       |       |       |     1 |     2 |     1 |       |     3 ||     7
       Meat ration       |       |       |       |       |       |     1 |     2 |     1 |     3 ||     7
       Bread ration      |       |       |       |       |       |       |     4 |     3 |    12 ||    19
